 Dungeon Crawl Stone Soup version 0.30-a0-719-gcc4359ea44 (webtiles) character file.

Game seed: 2308754385518523992

32 Newt the Trooper (level 3, 0/28 HPs)
             Began as a Demonspawn Gladiator on Jan 26, 2023.
             Succumbed to an adder's poison
             ... on level 2 of the Dungeon.
             The game lasted 00:01:09 (875 turns).

Newt the Trooper (Demonspawn Gladiator)              Turns: 875, Time: 00:01:10

Health: 0/28       AC:  4    Str: 16    XL:     3   Next: 8%
Magic:  3/3        EV: 12    Int:  9    God:
Gold:   68         SH:  0    Dex: 14    Spells: 2/2 levels left

rFire   . . .      SeeInvis .    a - +0 rapier
rCold   . . .      Faith    .    (no shield)
rNeg    . . .      Spirit   .    b - +0 leather armour
rPois   .          Reflect  .    c - +0 helmet
rElec   .          Harm     .    (no cloak)
rCorr   .          Rampage  .    (no gloves)
Will    .....                    (no boots)
Stlth   ++                       (no amulet)
HPRegen 0.24/turn                (no ring)
MPRegen 0.08/turn                (no ring)

@: lethally poisoned (0 -> -2), about to teleport, invisible
A: claws 2
a: no special abilities


You were on level 2 of the Dungeon.
You visited 1 branch of the dungeon, and saw 2 of its levels.

You collected 68 gold pieces.

Inventory:

Hand Weapons
 a - a +0 rapier (weapon)
Missiles
 d - 3 throwing nets (quivered)
 e - a javelin
Armour
 b - a +0 leather armour (worn)
 c - a +0 helmet (worn)
Jewellery
 j - a ring of fire
Scrolls
 g - a scroll of identify
 i - a scroll of magic mapping
 k - a scroll of teleportation
Potions
 h - a potion of brilliance
 l - a potion of attraction


   Skills:
 + Level 2.8 Fighting
 - Level 2.6 Short Blades
 - Level 1.7 Throwing
 - Level 2.6 Dodging
 - Level 2.0 Stealth


You had 2 spell levels left.
You didn't know any spells.
Your spell library contained the following spells:

 Spells                   Type           Power      Damage    Failure   Level
 Summon Small Mammal      Summ           0%         N/A       45%         1
 Call Canine Familiar     Summ           0%         N/A       83%         3
 Summon Guardian Golem    Hex/Summ       0%         N/A       83%         3


Dungeon Overview and Level Annotations

Branches:
Dungeon (2/15)

Altars:


Innate Abilities, Weirdness & Mutations

You have very sharp fingernails.


Message History

You are too injured to fight recklessly!
You are too injured to fight recklessly!
You are too injured to fight recklessly!
You are too injured to fight recklessly!
You are too injured to fight recklessly!
You are too injured to fight recklessly!
You are too injured to fight recklessly!
You are too injured to fight recklessly!
You are too injured to fight recklessly!
You are too injured to fight recklessly!
You are too injured to fight recklessly!
Unknown command.
You hit the adder.
The adder is severely wounded.
You feel sick. The goblin barely misses you.
The frilled lizard barely misses you. The adder bites you.
You are lethally poisoned!
The adder poisons you!
You fade into invisibility!
* * * LOW HITPOINT WARNING * * *
You feel very sick. The frilled lizard closely misses you.
The goblin closely misses you.
The kobold throws a stone.
The stone hits the goblin.
The adder closely misses you.
A bat comes into view.
* * * LOW HITPOINT WARNING * * *
You feel sick. The frilled lizard closely misses you.
The adder completely misses you.
* * * LOW HITPOINT WARNING * * *
You feel sick.
* * * LOW HITPOINT WARNING * * *
You feel sick.
* * * LOW HITPOINT WARNING * * *
You feel sick.
Okay, then.
As you read the scroll of teleportation, it crumbles to dust.
You feel strangely unstable.
* * * LOW HITPOINT WARNING * * *
You feel sick. The frilled lizard misses you.
You die...

# #.................. #.
#.......#.......... .#.####
#.......#.#........
.....###.......#..........
#.........................
.##.##...#..†...............
#.........S........##........
#...#...g.l..................
.........##.@.....#........<.
###..#.###..............####
........# ####..#.........##
......... #.##..#####...#
......###. #........##.#.##
...... .......#####........
...... ......# #####...#
##### ...## ###.. #.. ####...


You could see an adder (unable to see you), a goblin (unable to see you) and a
frilled lizard (unable to see you).

Vanquished Creatures
  2 dart slugs (D:1)
  3 bats
  2 endoplasms (D:2)
  2 goblins (D:2)
  6 hobgoblins
  2 quokkas (D:2)
  4 ball pythons
  A frilled lizard (D:2)
  3 rats
25 creatures vanquished.

Notes
Turn   | Place    | Note
-------+----------+-------------------------------------------
     0 | D:1      | Newt the Demonspawn Gladiator began the quest for the Orb.
     0 | D:1      | Reached XP level 1. HP: 16/16 MP: 1/1
   196 | D:1      | Reached skill level 1 in Stealth
   262 | D:1      | Gained mutation: You have sharp fingernails. [demonic
                  | ancestry]
   262 | D:1      | Reached XP level 2. HP: 22/22 MP: 2/2
   634 | D:2      | Found a faded altar of an unknown god.
   755 | D:2      | Gained mutation: You have very sharp fingernails. [demonic
                  | ancestry]
   755 | D:2      | Reached XP level 3. HP: 28/28 MP: 3/3
   874 | D:2      | HP: 1/28 [poisoned by an adder]
   875 | D:2      | Succumbed to an adder's poison

Illustrated notes

Levels and vault maps discovered:
D:1:      matt_arrival_diagonals, layout_basic
D:2:      layout_rooms, ebering_ecumenical_altar_ruins, uniq_crazy_yiuf_cottage

Skill      XL: |  1  2 |
---------------+-------+-----
Stealth        | 1 2 |  2.0
Fighting       | |  2.8
Short Blades   | |  2.6
Throwing       | |  1.7
Dodging        | |  2.6

Action                     || total
---------------------------++-------
  Melee: Rapier            ||    87
    Use: Scroll            ||     5
         Potion            ||     3
   Stab: Sleeping          ||     4
         Invisible         ||     3
 Armour: Leather armour    ||    24
  Dodge: Dodged            ||    70

Table legend: (Time is in decaauts)
 A = Elapsed time spent in this place.
 B = Non-inter-level travel time spent in this place.
 C = Inter-level travel time spent in this place.
 D = Time resting spent in this place.
 E = Time spent auto-exploring this place.
 F = Levels seen in this place.
 G = Mean time per level.
                   A        B        C        D        E       F      G
               +--------+--------+--------+--------+--------+-----+--------+
         Total |    881 |    865 |     16 |      0 |    651 |   2 |  440.5 |
       Dungeon |    881 |    865 |     16 |      0 |    651 |   2 |  440.5 |
               +--------+--------+--------+--------+--------+-----+--------+

Top non-repeatable levels by time:
     D:1: 633 daAuts
     D:2: 247 daAuts
